 Dungeon Crawl Stone Soup version 0.31.0-9-g3a7656b989 (webtiles) character file.

Game seed: 2498197652266126990

79 qw the Shooter (level 4, -2/22 HPs)
             Began as a Spriggan Hunter on Feb 2, 2024.
             Slain by a gnoll
             ... wielding a +0 spear
              (5 damage)
             ... on level 3 of the Dungeon.
             The game lasted 00:00:12 (1982 turns).

qw the Shooter (Spriggan Hunter)                    Turns: 1982, Time: 00:00:13

Health: -2/22      AC:  2    Str:  7    XL:     4   Next: 16%
Magic:  5/5        EV: 19    Int: 10    God:
Gold:   106        SH:  0    Dex: 20    Spells: 3/3 levels left

rFire   . . .        a - +0 shortbow
rCold   . . .        (shield currently unavailable)
rNeg    . . .        c - +0 robe
rPois   .            (helmet restricted)
rElec   .            (no cloak)
rCorr   .            (gloves unavailable)
SInv    +            (boots unavailable)
Will    .....        (no amulet)
Stlth   ++           (no ring)
HPRegen 0.23/turn    (no ring)
MPRegen 0.09/turn

%: no passive effects
@: very quick
A: very small, no large weapons, unfitting armour, see invisible, speed 3, horns
1
a: no special abilities


You were on level 3 of the Dungeon.
You visited 1 branch of the dungeon, and saw 3 of its levels.

You collected 106 gold pieces.


Innate Abilities, Weirdness & Mutations

You are very small and have problems with some larger weapons.
You are too small for most types of armour.
You have supernaturally acute eyesight. (SInv)
You cover ground extremely quickly. (Speed+++)
You have a pair of small horns on your head.


   Skills:
 - Level 1.5 Fighting
 - Level 5.0 Ranged Weapons
 + Level 4.5 Dodging
 - Level 1.5 Stealth


You had 3 spell levels left.
You didn't know any spells.
Your spell library was empty.

Inventory:

Hand Weapons
 a - a +0 shortbow (weapon)
Armour
 c - a +0 robe (worn)
Potions
 d - a potion of mutation

Dungeon Overview and Level Annotations

Branches:
Dungeon (3/15)

Altars:
Uskayaw


Message History

1965 ||| RETREEEEATING.
1966 ||| RETREEEEATING.
1967 ||| RETREEEEATING.
1968 ||| RETREEEEATING.
1969 ||| RETREEEEATING.
1970 ||| RETREEEEATING.
1971 ||| RETREEEEATING.
You shoot an arrow. The arrow hits the orc.
The orc is heavily wounded.
You shoot an arrow. The arrow hits the orc.
You kill the orc!
You have reached level 4!
You shoot an arrow. The arrow hits the ball python!
You kill the ball python!
The gnoll hits you from afar with a +0 spear.
You shoot an arrow. The arrow hits the gnoll.
The gnoll is moderately wounded.
The gnoll hits you from afar with a +0 spear.
You shoot an arrow. The arrow closely misses the gnoll.
The arrow barely misses the gnoll.
The gnoll hits you from afar with a +0 spear.
You shoot an arrow. The arrow hits the gnoll.
The gnoll is heavily wounded.
The gnoll misses you.
You shoot an arrow. The arrow hits the gnoll!
You kill the gnoll!
The gnoll barely misses you.
You shoot an arrow. The arrow hits the gnoll.
The gnoll is moderately wounded.
The gnoll hits you from afar with a +0 spear.
You shoot an arrow. The arrow barely misses the gnoll.
The gnoll misses you.
You shoot an arrow.
The arrow hits the gnoll but does no damage.
The gnoll is moderately wounded.
The gnoll hits you from afar with a +0 spear.
You shoot an arrow. The arrow hits the gnoll.
The gnoll is moderately wounded.
The gnoll hits you from afar with a +0 spear.
You die...

#......##.............
#.####..##..###>####.###...
#...........###.# #.###.#.
######..##)###>. #.##....
#..##.# #.# #.....#.
#..##.###.#####.##....
########..##....#......###.##
#.........######.####### #.#
#.###.....g.@..#.# #.#
#.....####...... ...
#)...........### ###
.g..........####..##
..$...............
..g!)##.##.#......
...........#####.# .#g)
##.#### ..g #.#


You could see a gnoll.

Vanquished Creatures
  A gnoll (D:3)
  2 adders (D:2)
  A ribbon worm (D:2)
  A dart slug (D:2)
  4 orcs (D:3)
  2 ball pythons
  2 bats (D:1)
  5 endoplasms
  A giant cockroach (D:1)
  4 goblins
  3 hobgoblins
  6 jackals (D:1)
  A kobold (D:2)
  2 quokkas
  2 rats (D:1)
37 creatures vanquished.

Notes
Turn   | Place    | Note
-------+----------+-------------------------------------------
     0 | D:1      | qw the Spriggan Hunter began the quest for the Orb.
     0 | D:1      | Reached XP level 1. HP: 10/10 MP: 2/2
     0 | D:1      | 0 ||| qw: Version: 0.3-a-155-g5e7d8dd
     0 | D:1      | 0 ||| qw: Game counter: 369
     0 | D:1      | 0 ||| qw: Melee chars always use a shield: true
     0 | D:1      | 0 ||| qw: God list: Okawaru
     0 | D:1      | 0 ||| qw: Allow faded altars: false
     0 | D:1      | 0 ||| qw: Do Orc after clearing Dungeon:15 true
     0 | D:1      | 0 ||| qw: Do second Lair branch before Depths: true
     0 | D:1      | 0 ||| qw: Lair rune preference: random
     0 | D:1      | 0 ||| qw: Goals: Normal
     0 | D:1      | 0 ||| PLANNING D:1-11
   220 | D:1      | 220 ||| DROPPING scroll of butterflies.
   248 | D:1      | Reached skill level 3 in Dodging
   259 | D:1      | Reached XP level 2. HP: 6/14 MP: 3/3
  1200 | D:1      | 1200 ||| READING scroll labelled BUSEFF PEM PEO.
  1201 | D:1      | 1201 ||| READING scroll labelled GUUTUS INTI UCUTTO.
  1202 | D:1      | 1202 ||| READING scroll labelled JOLUEM SUIMEA.
  1203 | D:1      | 1203 ||| DRINKING 2 fizzy coppery potions.
  1203 | D:1      | Gained mutation: You have a pair of small horns on your
                  | head. [potion of mutation]
  1472 | D:2      | Found a hide-covered altar of Uskayaw.
  1508 | D:2      | HP: 1/14 [ribbon worm (7)]
  1513 | D:2      | HP: 1/14 [ribbon worm (1)]
  1518 | D:2      | HP: 2/14 [hobgoblin (1)]
  1522 | D:2      | Reached XP level 3. HP: 3/18 MP: 4/4
  1649 | D:2      | 1649 ||| FLEEEEING.
  1650 | D:2      | 1650 ||| FLEEEEING.
  1651 | D:2      | 1651 ||| FLEEEEING.
  1652 | D:2      | 1652 ||| FLEEEEING.
  1653 | D:2      | 1653 ||| FLEEEEING.
  1654 | D:2      | 1654 ||| FLEEEEING.
  1655 | D:2      | 1655 ||| FLEEEEING.
  1656 | D:2      | 1656 ||| FLEEEEING.
  1659 | D:2      | 1659 ||| FLEEEEING.
  1660 | D:2      | 1660 ||| FLEEEEING.
  1662 | D:2      | 1662 ||| FLEEEEING.
  1663 | D:2      | 1663 ||| FLEEEEING.
  1664 | D:2      | 1664 ||| FLEEEEING.
  1665 | D:2      | 1665 ||| FLEEEEING.
  1874 | D:2      | Reached skill level 5 in Ranged Weapons
  1878 | D:2      | 1878 ||| DROPPING ring of wizardry.
  1879 | D:2      | 1879 ||| READING scroll labelled AHACYIGI ROMM.
  1880 | D:2      | 1880 ||| READING scroll labelled DOGUPR BUITSE.
  1881 | D:2      | 1881 ||| DRINKING 2 fuming coppery potions.
  1882 | D:2      | 1882 ||| DROPPING potion of invisibility.
  1953 | D:3      | 1953 ||| RETREEEEATING.
  1955 | D:3      | 1955 ||| RETREEEEATING.
  1958 | D:3      | 1958 ||| RETREEEEATING.
  1961 | D:3      | 1961 ||| RETREEEEATING.
  1965 | D:3      | 1965 ||| RETREEEEATING.
  1966 | D:3      | 1966 ||| RETREEEEATING.
  1967 | D:3      | 1967 ||| RETREEEEATING.
  1968 | D:3      | 1968 ||| RETREEEEATING.
  1969 | D:3      | 1969 ||| RETREEEEATING.
  1970 | D:3      | 1970 ||| RETREEEEATING.
  1971 | D:3      | 1971 ||| RETREEEEATING.
  1974 | D:3      | Reached XP level 4. HP: 22/22 MP: 5/5
  1981 | D:3      | HP: 2/22 [gnoll/+0 spear (4)]
  1982 | D:3      | Slain by a gnoll

Levels and vault maps discovered:
D:1:      dpeg_arrival_water_fire, layout_basic, st_stairs_14,
          corexii_item_surrounded_by_moat
D:2:      layout_rooms, basic_altar
D:3:      layout_loops_ring, gammafunk_ghost_arena, serial_glass,
          glass_columns_b, glass_columns_a, shapermc_ecumenical_altar_acropolis,
          minmay_pentangle

Skill      XL: |  1  2  3 |
---------------+----------+-----
Dodging        | 3 4 |  4.5
Ranged Weapons | 5 |  5.0
Fighting       | |  1.5
Stealth        | |  1.5

Action                     |  1- 3 |  4- 6 || total
---------------------------+-------+-------++-------
   Fire: Shortbow          |   116 |     9 ||   125
    Use: Scroll            |     5 |       ||     5
         Potion            |     2 |       ||     2
 Armour: Robe              |    19 |     6 ||    25
  Dodge: Dodged            |    65 |     3 ||    68

Table legend:
 A = Non-vault XP
 B = Vault XP
 C = Vault XP percentage of total XP
 D = Non-vault monster count
 E = Vault monster count
 F = Vault count percentage of total count
                 A         B        C        D         E       F
            +---------+---------+-------+---------+---------+-------
      Total |     111 |       2 |   1.8 |      36 |       1 |   2.7
            +---------+---------+-------+---------+---------+-------
        D:1 |      32 |       2 |   5.9 |      17 |       1 |   5.6
        D:2 |      50 |       0 |   0.0 |      12 |       0 |   0.0
        D:3 |      29 |       0 |   0.0 |       7 |       0 |   0.0
            +---------+---------+-------+---------+---------+-------
